 Dungeon Crawl Stone Soup version 0.31-a0-819-gf6de2f5ab6 (webtiles) character file.

Game seed: 880856415232505840

58 qw the Shooter (level 4, 0/27 HPs)
             Began as a Gargoyle Hunter on Sept 23, 2023.
             Slain by an ogre
             ... wielding a +0 giant club
              (14 damage)
             ... on level 3 of the Dungeon.
             The game lasted 00:00:39 (2494 turns).

qw the Shooter (Gargoyle Hunter)                    Turns: 2494, Time: 00:00:40

Health: 0/27       AC:  9    Str: 14    XL:     4   Next: 2%
Magic:  4/4        EV: 10    Int: 10    God:
Gold:   108        SH:  0    Dex: 15    Spells: 3/3 levels left

rFire   + . .        Y - +1 shortbow
rCold   . . .        (shield currently unavailable)
rNeg    + . .        n - +0 ring mail
rPois   inf          g - +0 helmet
rElec   +            (no cloak)
rCorr   .            (no gloves)
SInv    .            (no boots)
Will    +....        (no amulet)
Stlth   +            p - ring of willpower
HPRegen 0.24/turn    l - ring of protection from fire
MPRegen 0.09/turn

%: no passive effects
@: no status effects
A: sickness immunity, AC +3, negative energy resistance 1, electricity
resistance, torment resistance 1, petrification resistance
a: no special abilities


You were on level 3 of the Dungeon.
You visited 1 branch of the dungeon, and saw 3 of its levels.

You collected 108 gold pieces.


Innate Abilities, Weirdness & Mutations

You are immune to sickness and miasma.
Your stone body is resilient. (AC +3)
You are immune to poison.
You resist negative energy. (rN+)
You are resistant to electric shocks. (rElec)
You are resistant to unholy torment.
You are immune to petrification.


   Skills:
 + Level 2.9 Fighting
 - Level 5.0 Ranged Weapons
 - Level 1.0 Armour
 - Level 1.5 Dodging
 - Level 1.1 Stealth


You had 3 spell levels left.
You didn't know any spells.
Your spell library was empty.

Inventory:

Hand Weapons
 Y - a +1 shortbow (weapon)
Armour
 g - a +0 helmet (worn)
 n - a +0 ring mail (worn)
Jewellery
 a - a +6 ring of strength
 l - a ring of protection from fire (right hand)
 p - a ring of willpower (left hand)
Potions
 d - a potion of haste
 f - 2 potions of attraction {unknown}
 j - 2 potions of heal wounds
 m - a potion of curing {unknown}

Dungeon Overview and Level Annotations

Branches:
Dungeon (3/15)

Altars:
Yredelemnul


Message History

The kobold moves out of view.
j - 2 potions of heal wounds (gained 1)
You shoot an arrow. The arrow closely misses the kobold.
You shoot an arrow. The arrow hits the kobold.
The kobold is moderately wounded.
You shoot an arrow. The arrow hits the kobold.
The kobold is severely wounded.
You shoot an arrow. The arrow hits the kobold.
You kill the kobold!
You see here a +3 short sword.
You open the door.
There is an open door here.
You now have 108 gold pieces (gained 14).
You open the door.
There is an open door here.
Found a scroll of revelation.
You see here a scroll of revelation.
An ogre comes into view. It is wielding a +0 giant club.
The ogre shouts!
You shoot an arrow. The arrow barely misses the ogre.
You shoot an arrow. The arrow hits the ogre.
The ogre is lightly wounded.
You shoot an arrow. The arrow completely misses the ogre.
You shoot an arrow. The arrow hits the ogre.
The ogre is lightly wounded.
You shoot an arrow. The arrow barely misses the ogre.
The ogre barely misses you.
You shoot an arrow. The arrow barely misses the ogre.
The ogre closely misses you.
You shoot an arrow. The arrow completely misses the ogre.
The ogre closely misses you.
You shoot an arrow. The arrow hits the ogre.
The ogre is lightly wounded.
The ogre hits you with a +0 giant club!
Ouch! That really hurt!
You shoot an arrow. The arrow hits the ogre.
The ogre is moderately wounded.
The ogre hits you with a +0 giant club!
Ouch! That really hurt!
You die...

#########
#....?..#
#.#####.#
#.# #@#
#####'###
#O#
#.......#
#.#
#.......#
#.#
#.......#
#.#
#.......#
#.#
#.......#
#.#
#.......#
#.#
#^......#


You could see an ogre.

Vanquished Creatures
  An adder (D:2)
  A worm (D:3)
  2 dart slugs (D:1)
  3 bats
  3 endoplasms
  5 giant cockroaches
  3 hobgoblins
  2 jackals (D:1)
  2 kobolds
  8 ball pythons
  3 goblins
  6 rats
39 creatures vanquished.

Notes
Turn   | Place    | Note
-------+----------+-------------------------------------------
     0 | D:1      | qw the Gargoyle Hunter began the quest for the Orb.
     0 | D:1      | Reached XP level 1. HP: 12/12 MP: 1/1
     0 | D:1      | 0 ||| qw: Version: 0.3-a-83-gcd0e7d8
     0 | D:1      | 0 ||| qw: Game counter: 1599
     0 | D:1      | 0 ||| qw: Melee chars always use a shield: true
     0 | D:1      | 0 ||| qw: God list: Okawaru
     0 | D:1      | 0 ||| qw: Allow faded altars: false
     0 | D:1      | 0 ||| qw: Do Orc after clearing Dungeon:15 true
     0 | D:1      | 0 ||| qw: Do second Lair branch before Depths: true
     0 | D:1      | 0 ||| qw: Lair rune preference: random
     0 | D:1      | 0 ||| qw: Goals: Normal
     0 | D:1      | 0 ||| PLANNING D:1-11
   117 | D:1      | HP: 1/12 [frozen (5)]
   119 | D:1      | Reached XP level 2. HP: 1/17 MP: 2/2
   623 | D:1      | Reached XP level 3. HP: 16/21 MP: 3/3
   835 | D:1      | Reached skill level 5 in Ranged Weapons
   958 | D:1      | 958 ||| UPGRADING to +0 helmet.
   963 | D:1      | 963 ||| UPGRADING to +6 ring of strength.
   964 | D:1      | 964 ||| UPGRADING to ring of protection from fire.
   965 | D:1      | 965 ||| READING scroll labelled ZECLODWE YHOP.
   966 | D:1      | 966 ||| READING scroll labelled MUODA LYXAIPEC.
   967 | D:1      | 967 ||| READING scroll labelled OLALOM JUGGOHOMNIS.
   982 | D:1      | 982 ||| DRINKING 2 puce potions.
   983 | D:1      | 983 ||| DROPPING scroll of butterflies.
  1072 | D:2      | Found a basalt altar of Yredelemnul.
  1310 | D:2      | Found a faded altar of an unknown god.
  2008 | D:2      | 2008 ||| UPGRADING to +0 ring mail.
  2018 | D:2      | 2018 ||| DROPPING +0 leather armour.
  2019 | D:2      | 2019 ||| UPGRADING to ring of willpower.
  2021 | D:2      | 2021 ||| READING 2 scrolls labelled QOIKOUT RA RUT.
  2022 | D:2      | 2022 ||| READING scroll labelled SOCZUA XYOLU.
  2023 | D:2      | 2023 ||| READING scroll labelled SILIEJ LEMIETH.
  2024 | D:2      | 2024 ||| READING scroll labelled ETIANO CUKLOO.
  2028 | D:2      | 2028 ||| READING scroll labelled NEV DUSOIN.
  2129 | D:2      | 2129 ||| DRINKING 2 coppery potions.
  2130 | D:2      | 2130 ||| DRINKING 2 bubbling silvery potions.
  2192 | D:2      | 2192 ||| DROPPING scroll of fog.
  2193 | D:2      | 2193 ||| DROPPING potion of lignification.
  2369 | D:3      | Reached skill level 1 in Armour
  2423 | D:3      | Reached XP level 4. HP: 27/27 MP: 4/4
  2485 | D:3      | Noticed an ogre
  2494 | D:3      | Slain by an ogre

Levels and vault maps discovered:
D:1:      sevenhm_arrival_forest_fort_small_3, layout_basic, bh_walls_and_bars
D:2:      layout_basic, basic_altar, shapermc_ecumenical_altar_pompeii,
          kennysheep_potato
D:3:      layout_basic

Skill      XL: |  1  2  3 |
---------------+----------+-----
Ranged Weapons | 5 |  5.0
Armour         | 1 |  1.0
Fighting       | |  2.9
Dodging        | |  1.5
Stealth        | |  1.1

Action                     |  1- 3 |  4- 6 || total
---------------------------+-------+-------++-------
   Fire: Shortbow          |   116 |    13 ||   129
    Use: Scroll            |     8 |       ||     8
         Potion            |     3 |       ||     3
 Armour: Leather armour    |    28 |       ||    28
         Ring mail         |     4 |     2 ||     6
  Dodge: Dodged            |    37 |     3 ||    40

Table legend:
 A = Non-vault XP
 B = Vault XP
 C = Vault XP percentage of total XP
 D = Non-vault monster count
 E = Vault monster count
 F = Vault count percentage of total count
                 A         B        C        D         E       F
            +---------+---------+-------+---------+---------+-------
      Total |      82 |       2 |   2.4 |      38 |       1 |   2.6
            +---------+---------+-------+---------+---------+-------
        D:1 |      40 |       0 |   0.0 |      21 |       0 |   0.0
        D:2 |      25 |       2 |   7.4 |       9 |       1 |  10.0
        D:3 |      17 |       0 |   0.0 |       8 |       0 |   0.0
            +---------+---------+-------+---------+---------+-------
